 Dungeon Crawl Stone Soup version 0.29.0-4-gdea44cf6ec (webtiles) character file.

Game seed: 15489339870746328688

749 qw the Cleaver (level 7, -1/41 HPs)
             Began as a Tengu Warper on Aug 28, 2022.
             Was a Follower of Okawaru.
             Splashed by a jelly's acid (5 damage)
             ... on level 5 of the Dungeon.
             The game lasted 00:00:21 (4881 turns).

qw the Cleaver (Tengu Warper)                       Turns: 4881, Time: 00:00:22

Health: -1/41      AC:  6    Str: 13    XL:     7   Next: 78%
Magic:  9/11       EV: 14    Int: 13    God:    Okawaru [*.....]
Gold:   161        SH:  0    Dex: 14    Spells: 10/10 levels left

rFire   . . .      SeeInvis .   Y - +1 hand axe
rCold   . . .      Faith    .   (no shield)
rNeg    . . .      Spirit   .   k - +0 scale mail
rPois   .          Reflect  .   (helmet restricted)
rElec   .          Harm     .   (no cloak)
rCorr   .          Rampage  .   j - +1 pair of gloves
Will    .....                   (boots unavailable)
Stlth   ++........              (no amulet)
HPRegen 0.13/turn               (no ring)
MPRegen 0.12/turn               (no ring)

@: heroic, marked, corroded, flying quickly and evasively, quick
A: beak, talons 3, nimble flight
a: Renounce Religion, Heroism


You were on level 5 of the Dungeon.
You worshipped Okawaru.
Okawaru was aware of your devotion.
You visited 1 branch of the dungeon, and saw 5 of its levels.

You collected 236 gold pieces.
You spent 75 gold pieces at shops.


Innate Abilities, Weirdness & Mutations

You have a beak for a mouth.
You have claws for feet.
Your magical nature lets you fly swiftly and evasively.


   Skills:
 - Level 3.0(8.0) Fighting
 + Level 8.3(13.3) Axes
 - Level 1.0(6.0) Throwing
 - Level 2.5(7.5) Armour
 - Level 2.1(7.1) Dodging
 - Level 2.0 Spellcasting
 - Level 2.4 Translocations
 + Level 1.7 Invocations


You had 10 spell levels left.
You didn't know any spells.
Your spell library contained the following spells:

 Spells                   Type           Power      Damage    Failure   Level
 Blink                    Tloc           14%        N/A       50%         2
 Gell's Gravitas          Tloc           7%         N/A       73%         3
 Lesser Beckoning         Tloc           7%         N/A       73%         3
 Teleport Other           Tloc           7%         N/A       73%         3
 Manifold Assault         Tloc           7%         N/A       100%        5

Inventory:

Hand Weapons
 d - a +0 whip
 Y - a +1 hand axe (weapon)
Armour
 j - a +1 pair of gloves (worn)
 k - a +0 scale mail (worn)
Potions
 a - a potion of mutation {unknown}
 f - a potion of heal wounds {unknown}
 h - 2 potions of might
 i - a potion of curing

Dungeon Overview and Level Annotations

Branches:
Dungeon (5/15)
 Temple: D:4-7

Altars:
Okawaru
Qazlal
Uskayaw
The Shining One

Shops:
D:2 *

Annotations:
D:2 1 runed translucent door, Crazy Yiuf


Message History

The phantom is heavily damaged.
The phantom hits you.
You hit the phantom. You peck the phantom.
The phantom is severely damaged.
The phantom hits you but does no damage.
You hit the phantom. You claw the phantom.
You destroy the phantom!
Okawaru accepts your kill.
Your Invocations skill increases to level 1!
You start resting.
HP restored.
You now have 161 gold pieces (gained 10).
Found a robe and 4 stones.
A sourceless malevolence fills the Dungeon...
With a horrendous wail, an alarm goes off!
A sentinel's mark forms upon you.
You hear a loud, deep croak!
You hear a shout! x2; You hear an angry growl.
Enter note: You start waiting.
A jelly comes into view.
4875 ||| FLEEEEING.
An ogre comes into view. It is wielding a +0 giant club.
4876 ||| INVOKING Heroism.
You gain the combat prowess of a mighty hero.
You hit the ogre. You claw the ogre. You peck the ogre.
The ogre is heavily wounded.
The ogre hits you with a +0 giant club!!
Ouch! That really hurt!
You hit the ogre. You claw the ogre! Your peck misses the ogre.
The ogre is almost dead.
You slash the ogre!
You kill the ogre!
Okawaru accepts your kill.
Your base Armour skill increases to level 2!
You hit the jelly.
Your hands burn!
Your kick misses the jelly.
The jelly is moderately wounded.
A shadow imp comes into view.
The jelly misses you.
You hit the jelly. The acid corrodes you!
Your hands burn!
You die...

.. .#. ..
.###### .. ###
#.....##...
....#.....[..(.
#.J..5.......#
####J.#
#...@.####
#.#.)....# #
#..######.
#.........
#.#######. #.#
# #.# .# #.# .#
#.#######..#


You could see a jelly and a shadow imp.

Vanquished Creatures
  Sigmund (D:2)
  Menkaure (D:4)
  2 ogres
  A phantom (D:5)
  A hound (D:4)
  Jessica (D:3)
  Ijyb (D:3)
  6 adders
  An ufetubus (D:4)
  A worm (D:3)
  5 orcs (D:3)
  9 endoplasms
  5 giant cockroaches
  6 goblins
  7 hobgoblins
  6 kobolds
  A quokka (D:4)
  8 ball pythons
  4 bats
  7 rats
74 creatures vanquished.

Vanquished Creatures (others)
  2 fungi (D:2)
  11 plants
13 creatures vanquished.

Grand Total: 87 creatures vanquished

Notes
Turn   | Place    | Note
-------+----------+-------------------------------------------
     0 | D:1      | qw the Tengu Warper began the quest for the Orb.
     0 | D:1      | Reached XP level 1. HP: 12/12 MP: 4/4
     0 | D:1      | 0 ||| qw: Version: 0.1-a-89-g26bdef1
     0 | D:1      | 0 ||| qw: Game counter: 1009
     0 | D:1      | 0 ||| qw: Always use a shield: true
     0 | D:1      | 0 ||| qw: God list: Okawaru
     0 | D:1      | 0 ||| qw: Allow faded altars: false
     0 | D:1      | 0 ||| qw: Do Orc after D:15 true
     0 | D:1      | 0 ||| qw: Do second Lair branch before Depths: true
     0 | D:1      | 0 ||| qw: Lair rune preference: random
     0 | D:1      | 0 ||| qw: Plans: Normal
     0 | D:1      | 0 ||| PLANNING D:1-11
    90 | D:1      | HP: 3/12 [constriction (1)]
   340 | D:1      | 340 ||| Stepping ~*~*~tactically~*~*~ (stealth).
   347 | D:1      | Reached skill level 3 in Axes
   347 | D:1      | Reached XP level 2. HP: 12/17 MP: 6/6
   866 | D:1      | 866 ||| Stepping ~*~*~tactically~*~*~ (stealth).
   869 | D:1      | Reached XP level 3. HP: 21/21 MP: 7/7
   870 | D:1      | 870 ||| Stepping ~*~*~tactically~*~*~ (stealth).
   872 | D:1      | 872 ||| Stepping ~*~*~tactically~*~*~ (stealth).
   876 | D:1      | 876 ||| Stepping ~*~*~tactically~*~*~ (stealth).
   879 | D:1      | 879 ||| Stepping ~*~*~tactically~*~*~ (stealth).
   885 | D:1      | 885 ||| Stepping ~*~*~tactically~*~*~ (stealth).
   886 | D:1      | 886 ||| Stepping ~*~*~tactically~*~*~ (stealth).
   888 | D:1      | 888 ||| Stepping ~*~*~tactically~*~*~ (stealth).
  1042 | D:1      | Reached skill level 4 in Axes
  1253 | D:1      | 1253 ||| READING scroll labelled BUD QESUGOUTAH.
  1254 | D:1      | 1254 ||| READING scroll labelled MIAF GYNUOCEXU.
  1255 | D:1      | 1255 ||| DROPPING scroll of blinking.
  1475 | D:2      | Found Nenaur's Assorted Antiques.
  1483 | D:2      | 1483 ||| BUYING 2 coppery potions (48 gold).
  1483 | D:2      | Bought 2 coppery potions for 48 gold pieces
  1483 | D:2      | 1483 ||| SHOPLISTING ring mail (108 gold, have 27).
  1483 | D:2      | 1483 ||| SHOPLISTING scale mail (108 gold, have 27).
  1483 | D:2      | 1483 ||| BUYING scroll labelled CEXIONKYIKEDGH (27 gold).
  1483 | D:2      | Bought a scroll labelled CEXIONKYIKEDGH for 27 gold pieces
  1483 | D:2      | 1483 ||| SHOPLISTING scroll labelled COWAORCHO NEIS (27
                  | gold, have 0).
  1483 | D:2      | 1483 ||| SHOPLISTING scroll labelled YTIOLO CEEST (27 gold,
                  | have 0).
  1483 | D:2      | 1483 ||| SHOPLISTING scroll of identify (54 gold, have 0).
  1483 | D:2      | 1483 ||| SHOPLISTING steel ring (135 gold, have 0).
  1773 | D:2      | Found a faded altar of an unknown god.
  1774 | D:2      | 1774 ||| Stepping ~*~*~tactically~*~*~ (stealth).
  1999 | D:2      | You fall into a shaft and drop 1 floor!
  2002 | D:3      | 2002 ||| Stepping ~*~*~tactically~*~*~ (stealth).
  2012 | D:3      | 2012 ||| Stepping ~*~*~tactically~*~*~ (stealth).
  2023 | D:3      | 2023 ||| Stepping ~*~*~tactically~*~*~ (stealth).
  2033 | D:3      | 2033 ||| Stepping ~*~*~tactically~*~*~ (stealth).
  2040 | D:3      | HP: 5/21 [poisoned by an adder]
  2049 | D:3      | HP: 2/21 [worm (4)]
  2051 | D:3      | Reached XP level 4. HP: 2/26 MP: 8/8
  2371 | D:3      | 2371 ||| DROPPING orb of light.
  2372 | D:3      | 2372 ||| UPGRADING to +1 pair of gloves.
  2377 | D:3      | 2377 ||| UPGRADING to +0 scale mail.
  2387 | D:3      | 2387 ||| DROPPING +0 leather armour.
  2388 | D:3      | 2388 ||| READING scroll labelled CEXIONKYIKEDGH.
  2389 | D:3      | 2389 ||| DRINKING 2 coppery potions.
  2390 | D:3      | 2390 ||| DRINKING 2 orange potions.
  2391 | D:3      | 2391 ||| DROPPING potion of degeneration.
  2407 | D:2      | 2407 ||| Stepping ~*~*~tactically~*~*~ (stealth).
  2456 | D:2      | Found a runed translucent door.
  2457 | D:2      | Noticed Crazy Yiuf
  2513 | D:2      | Noticed Sigmund
  2514 | D:2      | 2514 ||| Stepping ~*~*~tactically~*~*~ (hiding).
  2530 | D:2      | HP: 6/26 [Sigmund/+0 scythe (5)]
  2533 | D:2      | HP: 1/26 [Sigmund/magic dart (5)]
  2535 | D:2      | Killed Sigmund
  2536 | D:2      | Reached skill level 6 in Axes
  2536 | D:2      | Gained mutation: Your magical nature lets you fly swiftly
                  | and evasively. [Tengu growth]
  2536 | D:2      | Reached XP level 5. HP: 1/30 MP: 9/9
  2536 | D:2      | Reached XP level 6. HP: 2/35 MP: 10/10
  2807 | D:2      | 2807 ||| FLEEEEING.
  2836 | D:2      | Found an iron altar of Okawaru.
  2844 | D:2      | Became a worshipper of Warmaster Okawaru
  2999 | D:2      | 2999 ||| Stepping randomly (stuck).
  3033 | D:3      | Found a hide-covered altar of Uskayaw.
  3047 | D:3      | Noticed Jessica
  3048 | D:3      | 3048 ||| Stepping ~*~*~tactically~*~*~ (stealth).
  3050 | D:3      | 3050 ||| Stepping ~*~*~tactically~*~*~ (hiding).
  3058 | D:3      | Killed Jessica
  3059 | D:3      | Reached skill level 7 in Axes
  3088 | D:3      | 3088 ||| Stepping ~*~*~tactically~*~*~ (stealth).
  3143 | D:3      | 3143 ||| Stepping ~*~*~tactically~*~*~ (stealth).
  3144 | D:3      | 3144 ||| Stepping ~*~*~tactically~*~*~ (stealth).
  3145 | D:3      | 3145 ||| Stepping ~*~*~tactically~*~*~ (stealth).
  3201 | D:3      | 3201 ||| Stepping ~*~*~tactically~*~*~ (stealth).
  3428 | D:3      | Found a stormy altar of Qazlal.
  3556 | D:3      | Noticed Ijyb
  3557 | D:3      | 3557 ||| Stepping ~*~*~tactically~*~*~ (hiding).
  3558 | D:3      | 3558 ||| Stepping ~*~*~tactically~*~*~ (stealth).
  3572 | D:3      | HP: 1/36 [disintegration (19)]
  3574 | D:3      | Killed Ijyb
  4048 | D:3      | 4048 ||| READING scroll labelled AMUAZYIGRES.
  4049 | D:3      | 4049 ||| READING scroll labelled COWAORCHO NEIS.
  4052 | D:3      | 4052 ||| READING scroll labelled CIZUIKOITI.
  4053 | D:3      | 4053 ||| DRINKING 2 bubbling sapphire potions.
  4054 | D:3      | 4054 ||| DROPPING potion of brilliance.
  4113 | D:4      | Reached skill level 3 in Fighting
  4159 | D:4      | Identified the +8 flail "Fomiasuu" {flame, *Rage rPois
                  | Dex+5 SInv}
  4161 | D:4      | 4161 ||| DROPPING +8 flail "Fomiasuu" {flame, *Rage rPois
                  | Dex+5 SInv}.
  4240 | D:4      | Found a glowing golden altar of the Shining One.
  4346 | D:4      | Reached XP level 7. HP: 41/41 MP: 11/11
  4597 | D:4      | Noticed Menkaure
  4598 | D:4      | 4598 ||| Stepping ~*~*~tactically~*~*~ (hiding).
  4606 | D:4      | Killed Menkaure
  4606 | D:4      | Reached * piety under Okawaru
  4607 | D:4      | Reached skill level 8 in Axes
  4722 | D:4      | 4722 ||| READING scroll labelled YTIOLO CEEST.
  4723 | D:4      | 4723 ||| READING scroll labelled LECWONIACA.
  4724 | D:4      | 4724 ||| DRINKING 2 amethyst potions.
  4746 | D:5      | Entered Level 5 of the Dungeon
  4763 | D:5      | Reached skill level 1 in Invocations
  4875 | D:5      | 4875 ||| FLEEEEING.
  4876 | D:5      | 4876 ||| INVOKING Heroism.
  4877 | D:5      | HP: 8/41 [ogre/+0 giant club (33)]
  4881 | D:5      | Splashed by a jelly's acid

Levels and vault maps discovered:
D:1:      minmay_arrival_diagonal_passages, layout_basic, minmay_misc_feat_rows
D:2:      layout_loops_ring, serial_shops, shop,
          dreamdust_ecumenical_altar_hidden_monk_grotto, basic_altar,
          grunt_ministairs_1, uniq_crazy_yiuf_cottage, uniq_sigmund
D:3:      layout_basic, nicolae_qazlal_general_emergency,
          mainiacjoe_overflow_24_doors, uniq_ijyb, uniq_jessica
D:4:      layout_basic, tso_metal_star, serial_bayou_lagoon_a, uniq_menkaure
D:5:      layout_basic, mainiacjoe_overflow_surrounded_room,
          ebering_ghost_sewer_d

Skill      XL: |  1  2  3  4  5  6  7 |
---------------+----------------------+-----
Axes           | 3 4 6 7 8 |  8.3
Fighting       | 3 |  3.0
Invocations    | 1 |  1.7
Armour         | 2 |  2.5
Throwing       | |  1.0
Dodging        | |  2.1
Spellcasting   | |  2.0
Translocations | |  2.4

Action                   |  1- 3 |  4- 6 |  7- 9 || total
-------------------------+-------+-------+-------++-------
Melee: Hand axe          |    84 |    92 |    26 ||   202
       Kick              |    17 |    29 |    11 ||    57
       Peck              |    12 |    17 |     7 ||    36
       Punch             |     1 |       |       ||     1
Throw: Boomerang         |     7 |       |       ||     7
Invok: Heroism           |       |       |     1 ||     1
  Use: Scroll            |     2 |     4 |     2 ||     8
       Potion            |       |     3 |     1 ||     4
Armor: Leather armour    |    11 |       |       ||    11
       Scale mail        |       |    33 |     5 ||    38
Dodge: Dodged            |    40 |    41 |     6 ||    87

Table legend:
 A = Non-vault XP
 B = Vault XP
 C = Vault XP percentage of total XP
 D = Non-vault monster count
 E = Vault monster count
 F = Vault count percentage of total count
                 A         B        C        D         E       F
            +---------+---------+-------+---------+---------+-------
      Total |     579 |     492 |  45.9 |      68 |       6 |   8.1
            +---------+---------+-------+---------+---------+-------
        D:1 |      48 |       0 |   0.0 |      27 |       0 |   0.0
        D:2 |      15 |     250 |  94.3 |      10 |       3 |  23.1
        D:3 |     104 |      73 |  41.2 |      23 |       2 |   8.0
        D:4 |     182 |     169 |  48.1 |       6 |       1 |  14.3
        D:5 |     230 |       0 |   0.0 |       2 |       0 |   0.0
            +---------+---------+-------+---------+---------+-------
